 Dungeon Crawl Stone Soup version 0.23-a0-844-gdc03e01 (console) character file.

78 bli the Ducker (level 4, -2/22 HPs)
             Began as a Spriggan Skald on Jan 26, 2019.
             Slain by an orc priest
             ... wielding a +0 flail
              (5 damage)
             ... on level 2 of the Dungeon.
             The game lasted 00:06:22 (1655 turns).

bli the Ducker (Spriggan Skald)                     Turns: 1655, Time: 00:06:30

Health: -2/22      AC:  4    Str:  7    XL:     4   Next: 15%
Magic:  7/9        EV: 21    Int: 14    God:
Gold:   94         SH:  0    Dex: 16    Spells: 7/8 levels left

rFire    . . .     SeeInvis +   a - +0 short sword (speed)
rCold    . . .     Gourm    .   (shield restricted)
rNeg     . . .     Faith    .   b - +0 robe
rPois    .         Spirit   .   (helmet restricted)
rElec    .         Reflect  .   c - +1 cloak
rCorr    .         Harm     .   (gloves unavailable)
MR       .....                  (boots unavailable)
Stlth    ++........             g - amulet of inaccuracy (curse)
HPRegen  0.07/turn              (no ring)
MPRegen  0.11/turn              (no ring)

@: infused, very quick
A: very small, unfitting armour, see invisible, herbivore, speed 3, slow
metabolism 2
a: no special abilities


You were on level 2 of the Dungeon.
You were not hungry.

You visited 1 branch of the dungeon, and saw 2 of its levels.

You collected 94 gold pieces.

Inventory:

Hand Weapons
 a - a +0 short sword of speed (weapon)
 f - a +0 hunting sling
Missiles
 i - 58 stones (quivered)
 j - 5 needles of frenzy
Armour
 b - a +0 robe (worn)
 c - a +1 cloak (worn)
Jewellery
 g - a cursed amulet of inaccuracy (around neck)
Scrolls
 h - a scroll of teleportation {unknown}
 l - a scroll of blinking {unknown}
Potions
 e - a potion of might
 k - a potion of brilliance {unknown}
Comestibles
 d - 2 rations


   Skills:
 + Level 1.5 Fighting
 * Level 3.2 Short Blades
 + Level 5.6 Dodging
 - Level 2.0 Stealth
 + Level 2.7 Spellcasting
 - Level 4.4 Charms


You had 7 spell levels left.
You knew the following spells:

 Your Spells              Type           Power        Failure   Level  Hunger
a - Infusion              Chrm           ##..         3%          1    #......

Your spell library contained the following spells:

 Spells                   Type           Power        Failure   Level  Hunger
 Song of Slaying          Chrm           ##......     5%          2    ###....
 Shroud of Golubria       Chrm/Tloc      #.........   14%         2    ###....
 Regeneration             Chrm/Necr      #.........   26%         3    ###....
 Spectral Weapon          Hex/Chrm       #.......     26%         3    ###....


Dungeon Overview and Level Annotations

Branches:
Dungeon (2/15)

Altars:


Innate Abilities, Weirdness & Mutations

You are very small and have problems with some larger weapons.
You are too small for most types of armour.
You have supernaturally acute eyesight. (SInv)
You are a herbivore.
You cover ground extremely quickly.
You need to consume almost no food.


Message History

A leopard gecko comes into view.
The orc priest closely misses you.
You barely miss the orc priest. You hit the orc priest.
The orc priest is moderately wounded.
The orc priest barely misses you. The orc priest completely misses you.
You hit the orc priest.
The orc priest is heavily wounded.
You hit the orc priest.
The orc priest is severely wounded.
The orc priest hits you with a +0 trident.
The orc priest hits you with a +0 flail!
* * * LOW HITPOINT WARNING * * *
You closely miss the orc priest.
The orc priest is severely wounded.
You closely miss the orc priest.
The orc priest is severely wounded.
The orc priest barely misses you.
The orc priest hits you with a +0 flail.
You die...

≈≈≈......# #.##.# ##
≈≈≈≈≈###)###.##.# .≈≈
#.##..##.### #
#.##.###...##
#########.##.........
..............####.##
#...####..#.....##.#
..........#.....##.#
#...####..#.....##.#
##........†...lo##.###.#
########......oo@......#
.........#.#.#.###.#####
##########.#.#.###.#
##########.#.......#
#..........###.###.#######
..########## #.# #........
### # #.####### #.# #.#
#.# #.#


You could see 2 orc priests, an orc and a leopard gecko.

Vanquished Creatures
  An orc wizard (D:2)
  An adder (D:2)
  A worm (D:2)
  A dart slug (D:1)
  2 leopard geckos (D:1)
  6 bats
  A giant cockroach (D:1)
  3 goblins
  4 hobgoblins
  5 kobolds
  A ball python (D:1)
  5 frilled lizards
  6 rats
37 creatures vanquished.

Notes
Turn   | Place    | Note
-------+----------+-------------------------------------------
     0 | D:1      | bli the Spriggan Skald began the quest for the Orb.
     0 | D:1      | Reached XP level 1. HP: 10/10 MP: 5/5
    78 | D:1      | Reached skill level 1 in Stealth
   234 | D:1      | Reached skill level 4 in Dodging
   264 | D:1      | Reached XP level 2. HP: 2/14 MP: 3/6
  1102 | D:2      | Reached skill level 5 in Dodging
  1102 | D:2      | Reached XP level 3. HP: 11/18 MP: 2/8
  1318 | D:2      | Reached XP level 4. HP: 22/22 MP: 4/9
  1655 | D:2      | Slain by an orc priest

Vault maps used:
D:1:      dpeg_arrival_radiant
D:2:      chequers_ecumenical_altar_island

Skill      XL: |  1  2  3 |
---------------+----------+-----
Stealth        | 1 2 |  2.0
Dodging        | 4 5 |  5.6
Short Blades   | 3 |  3.2
Fighting       | |  1.5
Spellcasting   | |  2.7
Charms         | |  4.4

Action                   |  1- 3 |  4- 6 || total
-------------------------+-------+-------++-------
Melee: Short sword       |   107 |    43 ||   150
 Cast: Infusion          |    10 |     2 ||    12
  Use: Scroll            |     2 |       ||     2
 Stab: Distracted        |     1 |       ||     1
       Sleeping          |     6 |       ||     6
Armor: Robe              |     9 |    11 ||    20
Dodge: Dodged            |    55 |    47 ||   102

Table legend:
 A = Non-vault XP
 B = Vault XP
 C = Vault XP percentage of total XP
 D = Non-vault monster count
 E = Vault monster count
 F = Vault count percentage of total count
                 A         B        C        D         E       F
            +---------+---------+-------+---------+---------+-------
      Total |     112 |       0 |   0.0 |      37 |       0 |   0.0
            +---------+---------+-------+---------+---------+-------
        D:1 |      35 |       0 |   0.0 |      21 |       0 |   0.0
        D:2 |      77 |       0 |   0.0 |      16 |       0 |   0.0
            +---------+---------+-------+---------+---------+-------
